 Dungeon Crawl Stone Soup version 0.32-a0-468-g38b2580584 (webtiles) character file.

Game seed: 10283058468715614570

32 Goblin1989 the Sneak (level 3, -2/29 HPs)
             Began as a Demonspawn Delver on Feb 25, 2024.
             Was an Initiate of Hepliaklqana.
             Slain by a hound (3 damage)
             ... on level 3 of the Dungeon.
             The game lasted 00:02:09 (200 turns).

Goblin1989 the Sneak (Demonspawn Delver)             Turns: 200, Time: 00:02:10

Health: -2/29      AC:  4    Str: 12    XL:     3   Next: 8%
Magic:  3/3        EV: 11    Int: 10    God:    Hepliaklqana [......]
Gold:   11         SH:  0    Dex: 16    Spells: 2/2 levels left

rFire   . . .        a - +0 short sword
rCold   . . .        (no shield)
rNeg    + . .        b - +0 leather armour
rPois   .            (no helmet)
rElec   .            (no cloak)
rCorr   .            (no gloves)
SInv    .            (no boots)
Will    .....        (no amulet)
Stlth   +++          h - ring of positive energy
HPRegen 0.24/turn    (no ring)
MPRegen 0.08/turn

%: no passive effects
@: no status effects
A: rugged brown scales 1
a: Renounce Religion


You were on level 3 of the Dungeon.
You worshipped Hepliaklqana.
Hepliaklqana was noncommittal.
You visited 1 branch of the dungeon, and saw 3 of its levels.

You collected 11 gold pieces.

Inventory:

Hand Weapons
 a - a +0 short sword (weapon)
Armour
 b - a +0 leather armour (worn)
Jewellery
 h - a ring of positive energy (left hand)
Wands
 g - a wand of digging (2) {@v3}
Scrolls
 c - a scroll of fog
 j - a scroll of teleportation {unknown}
Potions
 f - a potion of haste {@q3,}
 i - a potion of curing {unknown}


   Skills:
 - Level 3.0 Fighting
 + Level 2.6 Short Blades
 - Level 1.7 Dodging
 + Level 5.0 Stealth


You had 2 spell levels left.
You didn't know any spells.
Your spell library was empty.

Dungeon Overview and Level Annotations

Branches:
Dungeon (5/15) Zot: 17802
 Temple: D:4-7

Altars:
Hepliaklqana

Shops:
D:5 (


Innate Abilities, Weirdness & Mutations

You are partially covered in rugged brown scales. (AC +1, +3% HP)


Message History

You feel agile. x2
Okay, then.
MP restored: 3 Unknown command.
You start resting.
An orc comes into view. It is wielding a +0 trident.
An orc is nearby!
Found a scroll labelled NIAFOJ ASOTI.
The orc shouts!
You hear a shout! x3
The orc barely misses you.
You hit the orc but do no damage.
A goblin comes into view. It is wielding a +0 dagger.
The orc hits you with a +0 trident.
* * * LOW HITPOINT WARNING * * *
You take 1 damage, and have 6/29 hp.
You hit the orc but do no damage.
An orc comes into view.
It is wielding a +0 hand axe of flaming.
The orc barely misses you.
You closely miss the orc. The orc misses you.
You hit the orc.
The orc is severely wounded.
You hit the orc.
You kill the orc!
An orc comes into view.
It is wielding a +1 hand axe of electrocution.
An orc comes into view. It is wielding a +0 mace.
Found a bubbling silvery potion.
You see here a +0 trident.
You see here 19 gold pieces.
The goblin hits you with a +0 dagger.
* * * LOW HITPOINT WARNING * * *
You take 1 damage, and have 11/29 hp.
The goblin attacks as it pursues you! The goblin hits you with a +0 dagger.
* * * LOW HITPOINT WARNING * * *
You take 3 damage, and have 8/29 hp.
The goblin attacks as it pursues you! The goblin hits you with a +0 dagger.
* * * LOW HITPOINT WARNING * * *
You take 2 damage, and have 6/29 hp.
Found a hazy altar of Hepliaklqana.
A hound comes into view.
Found a scroll labelled NIAFOJ ASOTI.
There is a hazy altar of Hepliaklqana here.
You kneel at the altar of Hepliaklqana.
Hepliaklqana welcomes you! The goblin attacks as it pursues you!
The goblin closely misses you. The goblin attacks as it pursues you!
The goblin closely misses you.
The hound barks!
The goblin attacks as it pursues you! The goblin barely misses you.
The goblin attacks as it pursues you! The goblin hits you with a +0 dagger.
* * * LOW HITPOINT WARNING * * *
You take 1 damage, and have 13/29 hp.
The goblin attacks as it pursues you! The goblin closely misses you.
The goblin attacks as it pursues you! The goblin closely misses you.
The goblin attacks as it pursues you! The goblin hits you but does no damage.
The goblin attacks as it pursues you! The goblin hits you with a +0 dagger.
* * * LOW HITPOINT WARNING * * *
You take 2 damage, and have 12/29 hp.
A ball python comes into view.
Found a stone staircase leading up.
The hound bites you.
* * * LOW HITPOINT WARNING * * *
You take 1 damage, and have 12/29 hp.
The hound stops to sniff the ground.
There is a stone staircase leading up here.
The hound closely misses you. The hound bites you but does no damage.
You climb upwards.
You hear the sound of rushing water.
There is an entrance to a sewer on this level.
Hurry and find it before the portal rusts away!
Found 3 gold pieces.
There is a stone staircase leading down here.
You hit the hound but do no damage. The hound bites you.
* * * LOW HITPOINT WARNING * * *
You take 5 damage, and have 8/29 hp.
The hound attacks as it pursues you! The hound closely misses you. x2
The hound bites you.
* * * LOW HITPOINT WARNING * * *
You take 1 damage, and have 7/29 hp.
The hound bites you but does no damage.
You barely miss the hound. The hound completely misses you.
You closely miss the hound. The hound bites you.
* * * LOW HITPOINT WARNING * * *
You take 4 damage, and have 4/29 hp.
You hit the hound.
The hound is lightly wounded.
The hound closely misses you.
You hit the hound.
The hound is moderately wounded.
The hound barely misses you. x2
You barely miss the hound.
The hound is moderately wounded.
The hound bites you.
* * * LOW HITPOINT WARNING * * *
You take 3 damage, and have 1/29 hp.
You hit the hound.
The hound is moderately wounded.
The hound closely misses you.
You barely miss the hound.
The hound is moderately wounded.
The hound bites you.
You die...
Hepliaklqana delivers you to your ancestors.

██ ██.. .█
.█. .... ..
....█..█ .█
█..█..█ .█
.....█ .█
████.█..█ .█
......█..██.█
.b..█....h@.█
.......>.██.█
..$.█.█.██
..█ ██ █ █.█
█.█ █.█ ..
█.█ ███ █.█
█.█ █.█


You could see a hound.

Vanquished Creatures
  A hound (D:4)
  An orc (D:4)
2 creatures vanquished.

Notes
Turn   | Place    | Note
-------+----------+-------------------------------------------
     0 | D:5      | Goblin1989 the Demonspawn Delver began the quest for the
                  | Orb.
     0 | D:5      | Reached XP level 1. HP: 18/18 MP: 1/1
    45 | D:5      | Found Heboosui's Antique Weapon Shoppe.
    64 | D:5      | Noticed a hound
    65 | D:5      | Noticed an ogre
    99 | D:4      | Noticed a hound
   106 | D:4      | Killed a hound
   107 | D:4      | Reached skill level 5 in Stealth
   107 | D:4      | Gained mutation: You are partially covered in rugged brown
                  | scales. (AC +1, +3% HP) [demonic ancestry]
   107 | D:4      | Reached XP level 2. HP: 5/24 MP: 2/2
   107 | D:4      | Reached XP level 3. HP: 6/29 MP: 3/3
   158 | D:4      | Found a hazy altar of Hepliaklqana.
   166 | D:4      | Became a worshipper of Hepliaklqana the Forgotten
   198 | D:3      | HP: 1/29 [hound (4)]
   200 | D:3      | Slain by a hound

Illustrated notes

Levels and vault maps discovered:
D:3:      layout_basic, nicolae_ru_awakened_eye, lightli_sewer_entry_pipes,
          chequers_jeans, minmay_pentangle, uniq_natasha, uniq_terence,
          uniq_robin
D:4:      layout_cave_pools, mainiacjoe_overflow_boulevard,
          minmay_temple_entry_offerings, serial_co_window_serial,
          co_window_paths_a, co_window_paths_b, co_window_corner_a,
          co_window_of_opportunity_a, co_window_paths_b, co_window_corner_a,
          co_window_broadway_a, co_window_2corner, co_window_unsneaky_path_c,
          co_window_of_opportunity_c, glass_columns_b, glass_columns_a,
          minmay_misc_feat_enclosed, uniq_ijyb
D:5:      layout_gridville, hellmonk_ghost_happy_afterlife, serial_shops, shop

Skill      XL: |  1 |
---------------+----+-----
Short Blades   | 2 |  2.6
Stealth        | 5 |  5.0
Fighting       | |  3.0
Dodging        | |  1.7

Action                     || total
---------------------------++-------
  Melee: Short sword       ||    19
  Evoke: Wand              ||     1
    Use: Scroll            ||     2
   Stab: Sleeping          ||     1
 Armour: Leather armour    ||    20
  Dodge: Dodged            ||    18

Table legend: (Time is in decaauts)
 A = Elapsed time spent in this place.
 B = Non-inter-level travel time spent in this place.
 C = Inter-level travel time spent in this place.
 D = Time resting spent in this place.
 E = Time spent auto-exploring this place.
 F = Levels seen in this place.
 G = Mean time per level.
                   A        B        C        D        E       F      G
               +--------+--------+--------+--------+--------+-----+--------+
         Total |    197 |    197 |      0 |      0 |      0 |   3 |   65.7 |
       Dungeon |    197 |    197 |      0 |      0 |      0 |   3 |   65.7 |
               +--------+--------+--------+--------+--------+-----+--------+

Top non-repeatable levels by time:
     D:5: 98 daAuts
     D:4: 88 daAuts
     D:3: 9 daAuts
